Map: 얼어붙은 사원

Players

llllllllllll

  • Race: Terran Terran
  • League: Grandmaster

llllllllllll (Scarlett) - Winner!

  • Race: Zerg Zerg
  • League: Grandmaster

VOD

Have the link to the VOD?

Description

Time

  • Played on: April 13, 2016, 5:35 a.m.
  • Length: 11:49
Show
View Real Time Build Order
Export as new Build Order

llllllllllll Terran 

Build Orders: Liberator Opening, Reaper Expand, Bio Tank 

Get SALT Encoding   

  12  0:01  SCV  
  13  0:13  SCV  
  14  0:18  Supply Depot  
  14  0:25  SCV  
  15  0:39  SCV  
  15  0:41  Barracks  
  16  0:45  Refinery  
  16  0:51  SCV  
  17  1:04  SCV  
  18  1:16  SCV  
  19  1:28  Orbital Command  
  19  1:29  Reaper  
  20  1:42  Command Center  
  20  1:52  Supply Depot  
  20  1:54  SCV  
  20  2:01  Marine  
  21  2:06  SCV  
  23  2:09  Factory  
  23  2:19  Marine, Refinery  
  23  2:20  SCV  
  25  2:28  Command Center  
  24  2:33  SCV  
  24  2:37  Marine  
  26  2:45  SCV  
  27  2:54  Starport  
  27  2:56  Marine, Factory Tech Lab  
  28  3:00  SCV, Supply Depot  
  28  3:13  Marine, SCV  
  28  3:16  Bunker  
  30  3:22  Siege Tank  
  30  3:25  SCV  
  34  3:30  Medivac  
  34  3:31  Marine  
  37  3:38  SCV  
  38  3:42  Orbital Command  
  38  3:44  Liberator  
  38  3:49  Marine  
  38  3:50  SCV  
  40  3:56  Orbital Command  
  40  4:02  SCV  
  44  4:14  SCV  
  45  4:22  SCV  
  45  4:24  Command Center  
  46  4:26  SCV  
  46  4:30  Stimpack  
  47  4:34  SCV  
  48  4:39  SCV  
  48  4:40  Marine  
  48  4:42  Supply Depot  
  50  4:46  SCV  
  50  4:47  Factory Tech Lab  
  50  4:51  SCV  
  52  4:56  Bunker  
  52  4:58  SCV  
  53  5:03  Barracks  
  53  5:05  SCV  
  54  5:09  Barracks  
  54  5:10  SCV  
  54  5:12  Starport Reactor  
  54  5:13  Marine  
  56  5:17  SCV  
  57  5:22  SCV  
  57  5:23  Factory Reactor  
  57  5:25  Supply Depot  
  57  5:27  Supply Depot  
  58  5:29  SCV  
  58  5:31  Marine  
  58  5:32  Engineering Bay  
  58  5:33  Engineering Bay  
  58  5:34  SCV  
  61  5:37  Orbital Command  
  61  5:42  SCV  
  62  5:46  SCV  
  62  5:49  Marine  
  64  5:55  SCV  
  64  5:56  Orbital Command  
  65  5:58  Refinery, SCV  
  65  5:59  Refinery  
  65  6:01  Terran Infantry Armor Level 1, Terran Infantry Weapons Level 1  
  67  6:07  SCV  
  67  6:08  Supply Depot  
  67  6:10  Supply Depot  
  67  6:13  Marine x3  
  67  6:16  Starport Reactor  
  71  6:18  SCV  
  71  6:19  SCV  
  71  6:22  SCV  
  68  6:26  Marine x2  
  68  6:29  Siege Tank  
  68  6:30  Marine x2, SCV  
  68  6:31  SCV  
  77  6:34  SCV, Combat Shields  
  78  6:42  SCV  
  78  6:43  SCV  
  78  6:46  SCV  
  81  6:50  Bunker  
  81  6:52  Bunker  
  81  6:54  Barracks  
  81  6:56  Barracks  
  81  6:57  Medivac x2  
  81  7:01  SCV x3  
  88  7:02  Siege Tank  
  88  7:08  Supply Depot  
  91  7:11  Marine x5  
  91  7:13  SCV x3  
  99  7:17  Armory  
  99  7:23  Missile Turret  
  99  7:27  SCV x3  
  99  7:29  Marine x4  
  102  7:30  Marine, Refinery  
  102  7:32  Refinery  
  102  7:33  Medivac x2  
  102  7:36  Siege Tank  
  113  7:43  SCV x3  
  116  7:45  Barracks Reactor x2  
  116  7:47  Marine  
  116  7:48  Supply Depot  
  116  7:49  Supply Depot  
  117  8:02  Supply Depot  
  117  8:04  Supply Depot  
  117  8:10  Marine x4, Medivac x2  
  117  8:11  Marine, Supply Depot, Siege Tank  
  124  8:28  Marine x4, Barracks  
  124  8:29  Marine  
  124  8:30  Barracks x2  
  124  8:33  Terran Infantry Weapons Level 2, Sensor Tower  
  129  8:36  Command Center, Terran Infantry Armor Level 2  
  129  8:43  Siege Tank  
  129  8:44  Marine x4  
  129  8:46  Concussive Shells  
  129  8:47  Marauder  
  138  8:48  Supply Depot  
  138  8:55  Marine x4  
  142  9:02  Marine  
  142  9:06  Marine x3  
  142  9:08  Marauder  
  146  9:13  Marine  
  145  9:23  Marine x4, Barracks Tech Lab  
  145  9:24  Barracks Tech Lab  
  149  9:29  Barracks Tech Lab  
  149  9:30  Marauder  
  151  9:33  Marine x4, Supply Depot  
  151  9:36  Siege Tank  
  162  9:41  Marine x3  
  162  9:44  Supply Depot  
  165  9:51  Marauder  
  167  9:54  Marine x6, Marauder x2  
  167  9:57  Medivac x2  
  174  10:08  Siege Tank  
  176  10:20  Marine x6, Marauder x3  
  178  10:34  Marine x2, Marauder  
  179  10:38  Marine x2  
  179  10:42  Marauder  
  178  10:49  Marine x4, Marauder x2  
  159  10:56  Marauder  
  144  10:59  Siege Tank, Medivac x2  
  144  11:01  Marine x2  
  155  11:04  Marine x2, Marauder  
  155  11:07  Marine x3  
  155  11:11  Marauder x2  
  82  11:43  Factory Reactor  
Show
View Real Time Build Order
Export as new Build Order

llllllllllll Zerg - Winner!

Build Orders: Pool First 

Get SALT Encoding   

  12  0:00  Drone  
  13  0:08  Drone  
  14  0:17  Drone, Extractor  
  14  0:31  Spawning Pool  
  14  0:35  Drone  
  14  0:44  Overlord  
  14  0:49  Extractor  
  13  0:51  Drone  
  15  1:03  Drone x2  
  17  1:17  Metabolic Boost  
  17  1:19  Queen  
  17  1:24  Zergling x2  
  20  1:27  Zergling x2  
  20  1:31  Drone  
  22  1:51  Hatchery  
  21  1:57  Overlord  
  21  2:05  Drone  
  22  2:15  Queen  
  23  2:18  Zergling x4  
  25  2:29  Zergling x2  
  26  2:30  Drone x3  
  29  2:50  Drone  
  30  2:55  Overlord  
  30  3:03  Drone x4  
  34  3:10  Drone  
  34  3:11  Pneumatized Carapace  
  35  3:14  Drone  
  35  3:19  Drone  
  37  3:26  Drone x2  
  39  3:28  Drone x3  
  42  3:36  Drone, Overlord  
  42  3:37  Drone  
  44  3:43  Roach Warren  
  44  3:44  Drone  
  44  3:54  Overlord  
  44  3:55  Hatchery  
  43  4:00  Drone  
  43  4:01  Extractor  
  43  4:06  Drone x3  
  43  4:07  Evolution Chamber  
  45  4:15  Drone x5  
  50  4:28  Queen  
  52  4:35  Queen  
  52  4:36  Drone  
  52  4:37  Drone x5  
  60  4:48  Zerg Ground Armor Level 1  
  60  4:52  Evolution Chamber, Drone, Overlord  
  60  4:55  Extractor  
  60  4:56  Extractor  
  58  5:05  Overlord x2  
  58  5:06  Drone x2  
  60  5:10  Queen  
  60  5:12  Lair  
  62  5:16  Drone x2  
  62  5:17  Drone x2  
  62  5:18  Drone x3  
  69  5:24  Drone  
  70  5:28  Overlord  
  70  5:29  Roach x2  
  74  5:40  Roach x2  
  77  5:50  Roach  
  77  5:51  Roach x4  
  77  5:52  Spore Crawler  
  77  5:53  Ravager  
  77  5:55  Overlord, Ravager  
  77  5:56  Drone x2  
  87  6:11  Ravager  
  88  6:17  Infestation Pit  
  88  6:18  Zerg Melee Weapons Level 1  
  87  6:21  Drone x9  
  96  6:34  Extractor  
  96  6:35  Extractor  
  96  6:39  Hatchery  
  93  6:40  Drone x2  
  93  6:41  Drone x2  
  93  6:42  Drone x5  
  93  6:45  Overseer  
  102  7:00  Hive  
  102  7:01  Zerg Ground Armor Level 2, Infestor  
  102  7:04  Overlord x3  
  102  7:07  Drone  
  105  7:09  Overlord x2  
  105  7:19  Overlord x2  
  105  7:23  Infestor x2, Roach  
  105  7:27  Zergling x8  
  115  7:36  Zergling x10  
  120  7:40  Queen  
  123  7:44  Zergling x14  
  123  7:45  Ravager  
  123  7:46  Ravager x5  
  123  7:50  Zergling x2  
  123  7:51  Zergling x2  
  137  8:01  Extractor  
  135  8:08  Overlord x4  
  135  8:09  Drone x8  
  142  8:14  Ultralisk Cavern  
  142  8:17  Extractor  
  136  8:23  Drone  
  136  8:24  Drone x3, Overlord  
  136  8:26  Zerg Melee Weapons Level 2  
  140  8:28  Adrenal Glands  
  140  8:32  Spire  
  140  8:33  Zergling x10  
  144  8:41  Queen  
  146  8:54  Zergling x6  
  146  8:55  Zergling x18  
  147  9:13  Zergling x28  
  147  9:14  Zergling x2  
  157  9:20  Drone  
  157  9:21  Drone  
  154  9:27  Chitinous Plating  
  154  9:30  Queen  
  156  9:31  Ultralisk x2  
  168  9:43  Ultralisk x2  
  180  9:48  Zerg Flyer Weapons Level 1  
  180  9:50  Drone  
  180  9:51  Drone x4  
  184  9:59  Ultralisk  
  189  10:16  Spine Crawler x2, Spore Crawler  
  189  10:19  Spine Crawler  
  189  10:20  Spore Crawler  
  178  10:22  Spine Crawler  
  178  10:25  Ultralisk x2  
  178  10:26  Zergling x8  
  190  10:35  Ravager  
  190  10:38  Ultralisk  
  176  10:55  Corruptor x4  
  169  11:11  Corruptor  
  160  11:19  Hatchery  
Tags
 
Add a new tag
Caveats
  • Supply blocks, unpowered buildings, or Contaminate may cause inaccurate times.
  • Supply counts are checked every 10 seconds.